 Dungeon Crawl Stone Soup version 0.28.0-47-ge53b351184 (webtiles) character file.

Game seed: 3302098895128590455

17019 101zpm the Thaumaturge (level 12, -2/74 HPs)
             Began as a Djinni Fire Elementalist on Apr 30, 2022.
             Was a High Priest of Qazlal.
             Slain by a black mamba (16 damage)
             ... on level 1 of the Lair of Beasts on May 1, 2022.
             The game lasted 01:07:17 (19581 turns).

101zpm the Thaumaturge (Djinni Fire Elementalist)  Turns: 19581, Time: 01:07:18

Health: -2/74      AC:  5    Str:  7    XL:     12   Next: 77%
Gold:   571        EV: 16    Int: 22    God:    Qazlal [*****.] SH: 16 Dex: 14

rFire   + + .      SeeInvis +   (no weapon)
rCold   . . .      Faith    .   G - +2 kite shield
rNeg    . . .      Spirit   .   a - +0 robe
rPois   ∞          Reflect  .   f - +2 hat {SInv}
rElec   .          Harm     .   (no cloak)
rCorr   .          Rampage  .   n - +0 pair of gloves
Will    +....                   (boots unavailable)
Stlth   ++........              (no amulet)
HPRegen 0.22/turn               w - ring of protection from cold
MPRegen 0.00/turn               d - +4 ring of evasion

@: attractive, flying, hasted, repel missiles, very quick
A: sickness immunity, fire resistance 2, cold vulnerability 1, float, innate
caster, HP casting, extra vitality 1
a: Renounce Religion, Upheaval, Elemental Force, Disaster Area


You were on level 1 of the Lair of Beasts.
You worshipped Qazlal.
Qazlal was extremely pleased with you.
You visited 4 branches of the dungeon, and saw 14 of its levels.

You collected 571 gold pieces.

Inventory:

Hand Weapons
 k - a +2 short sword of protection
 v - a +2 hunting sling of freezing
 D - a +1 short sword of holy wrath
 F - a +4 hand axe
 H - the +5 whip "Deczon" {drain, Str+4 Stlth+}
   (You found it on level 6 of the Dungeon)

   A truly terrible weapon, it drains the life of any living foe it strikes.
   Str:       It affects your strength (+4).
   Stlth:     It makes you more stealthy.
Missiles
 l - 35 poisoned darts
 m - 6 silver javelins
 o - 11 boomerangs
 s - 192 stones
 t - 225 arrows
 u - 61 bolts
 E - 2 curare-tipped darts
Armour
 a - a +0 robe (worn)
 f - a +2 hat of see invisible (worn)
 n - a +0 pair of gloves (worn)
 G - a +2 kite shield (worn)
Magical Staves
 J - a staff of conjuration
Jewellery
 d - a +4 ring of evasion (right hand)
 q - an amulet of faith
 w - a ring of protection from cold (left hand)
Wands
 j - a wand of digging (3)
 y - a wand of mindburst (12)
 I - a wand of charming (10)
 P - a wand of iceblast (4)
Scrolls
 b - 2 scrolls of fog
 c - 2 scrolls of enchant weapon
 h - a scroll of immolation {unknown}
 p - a scroll of enchant armour
 r - 2 scrolls of teleportation
 B - 4 scrolls of magic mapping
 K - a scroll of silence {unknown}
 O - a scroll of identify
Potions
 e - 6 potions of haste
 g - a potion of might {unknown}
 i - 2 potions of attraction
 x - a potion of flight {unknown}
 z - a potion of ambrosia {unknown}
 A - a potion of resistance {unknown}
 C - 2 potions of curing
 L - a potion of invisibility {unknown}
 M - a potion of brilliance {unknown}


   Skills:
 + Level 1.7 Fighting
 + Level 4.5 Dodging
 + Level 5.0 Stealth
 + Level 3.0 Shields
 + Level 14.4 Spellcasting
 + Level 0.2 Evocations


You had 13 spell levels left.
You knew the following spells:

 Your Spells              Type           Power      Damage    Failure   Level
a - Foxfire               Conj/Fire      100%       2x1d9     1%          1
b - Scorch                Fire           100%       2d10      1%          2
c - Conjure Flame         Conj/Fire      68%        6-21      1%          3
d - Inner Flame           Hex/Fire       68%        N/A       1%          3
e - Flame Wave            Conj/Fire      68%        2d13      1%          4
f - Sandblast             Erth           100%       2d20      1%          1
g - Poisonous Vapours     Pois/Air       100%       N/A       1%          2
h - Blink                 Tloc           100%       N/A       1%          2
i - Olgreb's Toxic Radia  Pois           68%        N/A       1%          4
j - Fulminant Prism       Conj/Hex       34%        3d16      1%          4
Your spell library was empty.

Dungeon Overview and Level Annotations

Branches:
Dungeon (11/15)            Temple (1/1) D:5            Lair (1/6) D:11
    Orc (1/2) D:9

Altars:
Ashenzari
Cheibriados
Dithmenos
Elyvilon
Fedhas
Gozag
Hepliaklqana
Kikubaaqudgha
Makhleb
Nemelex Xobeh
Okawaru
Qazlal
Ru
Sif Muna
Trog
Uskayaw
Vehumet
Wu Jian
Xom
Yredelemnul
Zin
The Shining One

Shops:
D:10 [

Portals:
Trove: D:11 (give +7 demon trident)


Innate Abilities, Weirdness & Mutations

You are immune to sickness and miasma.
You are immune to poison.
Your flesh is very heat resistant. (rF++)
You are vulnerable to cold. (rC-)
You float through the air rather than walking.
You learn spells naturally, not from books.
Your magical power is your life essence.
You have superior vitality. (+4 MHP)


Message History

The yak is engulfed in blazing flames.
Flame seeps out of the yak.
The yak is attracted toward you.
It was a potion of curing.
You feel better.
You hear an angry hiss.
The yak is engulfed in blazing flames.
Flame seeps out of the yak.
You block the yak's attack.
Okay, then.
The yak is engulfed in blazing flames.
Flame seeps out of the yak.
Found 11 bolts and 29 gold pieces.
You hear a bellow!
You hear an angry hiss.
You hear a bellow!
You hear a bellow!
You hear an angry hiss.
Found a wand of digging (7).
You hear a bellow!
A yak comes into view.
The yak is attracted toward you.
You hear a bellow!
The yak is attracted toward you.
The komodo dragon is attracted toward you.
As you read the scroll of teleportation, it crumbles to dust.
You feel strangely unstable. You block the yak's attack.
A yak comes into view.
The yak gores you.
* * * LOW HITPOINT WARNING * * *
The komodo dragon is attracted toward you.
The yak is attracted toward you.
You hear a bellow!
You hear an angry hiss.
You block the komodo dragon's attack. The yak closely misses you.
The yak is attracted toward you.
Your surroundings suddenly seem different.
You hear an angry hiss.
The black mamba is attracted toward you.
You feel yourself speed up. You block the black mamba's attack.
The black mamba is engulfed in freezing vapours.
The black mamba seems to slow down.
The black mamba is attracted toward you.
The black mamba is attracted toward you.
There is a staircase back to the Dungeon here.
The black mamba bites you!
You die...

.. ##.## ##...# #....##
### ##....## ##...
#.##○..#### #.....
#..○§#°#..####......
#.@S.§....##.......
#.....[.[.#..........
#....☼...°○..........#
###..$...........#..###
#.......(.......).....
##...#..............##
..#....#....††(......#
..............#.....##
.........##...##


You could see a black mamba (slow).

Vanquished Creatures
  Gastronok (D:11)
  2 hydras
  4 two-headed ogres
  Nergalle (D:10)
  Pikel (D:8)
  A cyclops (D:11)
  2 manticores (D:11)
  A gargoyle (D:10)
  Maggie (D:10)
  A cane toad (Lair:1)
  An unseen horror (D:7)
  2 trolls
  Grinder (D:3)
  A shadow (D:10)
  A wraith (D:10)
  11 yaks
  A steam dragon (D:8)
  Grum (D:8)
  A warg (D:9)
  4 vampire mosquitoes (D:11)
  2 acid dragons
  5 orc warriors
  2 water moccasins
  A hornet zombie (D:7)
  A sky beast (D:6)
  3 black bears
  2 necrophages
  An ice beast (D:6)
  An ogre (D:5)
  5 centaurs
  3 wolves (D:8)
  3 phantoms
  2 bullfrogs (Lair:1)
  A lemure (D:8)
  3 kobold brigands
  2 gnoll sergeants (D:7)
  2 wyvern zombies
  A water moccasin zombie (D:6)
  2 scorpions
  A wyvern skeleton (D:7)
  4 killer bees (D:9)
  5 wights
  6 howler monkeys
  7 crimson imps (D:11)
  4 centaur zombies
  2 jellies
  A hound (D:4)
  A bullfrog skeleton (D:5)
  3 bullfrog zombies
  7 orc priests
  3 centaur skeletons
  3 iguanas
  14 orc wizards
  3 hound skeletons
  A howler monkey zombie (D:5)
  7 gnolls
  5 adders
  2 shadow imps (D:11)
  2 white imps
  2 ufetubi
  3 dart slugs
  51 orcs
  9 bats
  7 endoplasms
  3 giant cockroaches
  4 goblins
  8 hobgoblins
  5 quokkas
  8 ball pythons
  8 frilled lizards
  28 kobolds
  A quokka skeleton (D:4)
  7 rats
  7 foxfires
313 creatures vanquished.

Vanquished Creatures (collateral kills)
  4 foxfires
4 creatures vanquished.

Vanquished Creatures (others)
  1007 foxfires
  8 fulminant prisms (D:11)
  A plant (Lair:1)
1016 creatures vanquished.

Grand Total: 1333 creatures vanquished

Notes
Turn   | Place    | Note
-------+----------+-------------------------------------------
     0 | D:1      | 101zpm the Djinni Fire Elementalist began the quest for the
                  | Orb.
     0 | D:1      | Reached XP level 1. HP: 15/15 MP: 0/0
   165 | D:2      | Reached XP level 2. HP: 17/21 MP: 0/0
   235 | D:2      | Found a faded altar of an unknown god.
   435 | D:2      | Reached skill level 3 in Spellcasting
   526 | D:2      | Reached XP level 3. HP: 21/25 MP: 0/0
   526 | D:2      | Learned a level 1 spell: Sandblast
  1165 | D:2      | Found a stormy altar of Qazlal.
  1187 | D:2      | Became a worshipper of Qazlal Stormbringer
  1389 | D:3      | Killed Grinder
  1390 | D:3      | Reached skill level 4 in Spellcasting
  1390 | D:3      | Reached XP level 4. HP: 22/31 MP: 0/0
  1390 | D:3      | Reached XP level 5. HP: 25/35 MP: 0/0
  1390 | D:3      | Learned a level 2 spell: Poisonous Vapours
  1390 | D:3      | Reached XP level 6. HP: 28/40 MP: 0/0
  1730 | D:3      | Reached skill level 5 in Spellcasting
  2244 | D:3      | Found a glowing silver altar of Zin.
  2654 | D:4      | Noticed a black bear
  2681 | D:4      | Killed a black bear
  2682 | D:4      | Reached XP level 7. HP: 32/45 MP: 0/0
  2682 | D:4      | Learned a level 2 spell: Blink
  3391 | D:4      | Reached * piety under Qazlal
  3392 | D:4      | Reached skill level 6 in Spellcasting
  3930 | D:4      | Reached XP level 8. HP: 42/50 MP: 0/0
  5899 | D:1      | Reached ** piety under Qazlal
  7115 | D:5      | Entered Level 5 of the Dungeon
  7115 | D:5      | Found a staircase to the Ecumenical Temple.
  7122 | D:5      | Noticed a two-headed ogre
  7127 | D:5      | Killed a two-headed ogre
  7128 | D:5      | Reached skill level 8 in Spellcasting
  7128 | D:5      | Reached XP level 9. HP: 33/55 MP: 0/0
  7128 | D:5      | Learned a level 4 spell: Olgreb's Toxic Radiance
  8124 | D:5      | Found a blossoming altar of Fedhas.
  8124 | D:5      | Found a burning altar of Makhleb.
  8128 | D:5      | Found a sacrificial altar of Ru.
  8616 | D:7      | Reached skill level 9 in Spellcasting
  9601 | D:7      | Reached XP level 10. HP: 54/60 MP: 0/0
  9765 | D:7      | Reached *** piety under Qazlal
  9981 | D:7      | Killed an unseen horror
  9982 | D:7      | Reached skill level 10 in Spellcasting
 10344 | D:7      | Noticed a four-headed hydra
 10751 | Temple   | Entered the Ecumenical Temple
 11115 | D:6      | Identified the +5 whip "Deczon" {drain, Str+4 Stlth+}
 12133 | D:7      | Killed a four-headed hydra
 12134 | D:7      | Reached skill level 11 in Spellcasting
 12731 | D:8      | Noticed Pikel
 12736 | D:8      | Killed Pikel
 12737 | D:8      | Reached skill level 1 in Fighting
 12737 | D:8      | Reached XP level 11. HP: 32/67 MP: 0/0
 12737 | D:8      | Learned a level 4 spell: Fulminant Prism
 13176 | D:8      | Noticed Grum
 13182 | D:8      | Killed Grum
 13436 | D:9      | Reached **** piety under Qazlal
 13437 | D:9      | Reached skill level 12 in Spellcasting
 14271 | D:10     | Entered Level 10 of the Dungeon
 14454 | D:10     | Noticed Maggie
 14460 | D:10     | Killed Maggie
 14936 | D:9      | Found a staircase to the Orcish Mines.
 15670 | D:10     | Found Kyfavuf's Antique Armour Shoppe.
 15769 | D:10     | Noticed a two-headed ogre
 15774 | D:10     | Killed a two-headed ogre
 15863 | D:10     | Noticed Nergalle
 15871 | D:10     | Killed Nergalle
 15872 | D:10     | Reached skill level 13 in Spellcasting
 15987 | D:10     | Reached skill level 1 in Shields
 16611 | Orc:1    | Entered Level 1 of the Orcish Mines
 16612 | Orc:1    | Noticed an orc high priest
 16907 | Orc:1    | Noticed an orc high priest
 17269 | D:11     | Noticed Gastronok
 17269 | D:11     | Found a portal to a secret trove of treasure.
 17276 | D:11     | Killed Gastronok
 17277 | D:11     | Reached skill level 5 in Stealth
 17277 | D:11     | Reached XP level 12. HP: 43/73 MP: 0/0
 17391 | D:11     | Noticed a two-headed ogre
 17398 | D:11     | Killed a two-headed ogre
 18109 | D:11     | Found a staircase to the Lair.
 18423 | D:11     | Reached skill level 14 in Spellcasting
 18504 | D:11     | Reached ***** piety under Qazlal
 18742 | D:11     | Noticed a two-headed ogre
 18749 | D:11     | Killed a two-headed ogre
 19484 | Lair:1   | Entered Level 1 of the Lair of Beasts
 19501 | Lair:1   | Noticed a four-headed hydra
 19510 | Lair:1   | Killed a four-headed hydra
 19510 | Lair:1   | HP: 3/74 [spore (8)]
 19581 | Lair:1   | Slain by a black mamba

Illustrated notes

Levels and vault maps discovered:
D:1:      psy_arrival_heroes, layout_basic, minmay_heptomino_l4
D:2:      layout_rooms, basic_altar, shapermc_ecumenical_altar_ellora,
          grunt_decor_one_mirror, minmay_3d_cube
D:3:      layout_basic, lemuel_round_altar, chequers_serial_rivers_micro_a,
          uniq_grinder
D:4:      layout_loops_ring, kennysheep_generic_room_2
D:5:      layout_rooms, gammafunk_temple_overflow_forgotten,
          minmay_temple_entry_offerings, kennysheep_generic_room_11
D:6:      layout_basic, hangedman_decor_push
D:7:      minmay_chambers_of_sevens, layout_rooms, serial_aquarium,
          aquarium_bridge_square [aquarium_subvault_bridge,
          aquarium_subvault_wall, aquarium_subvault_bridge,
          aquarium_subvault_wall], aquarium_bridge_long_separate
          [aquarium_subvault_bridge, aquarium_subvault_bridge,
          aquarium_subvault_window, aquarium_subvault_window,
          aquarium_subvault_bridge, aquarium_subvault_wall], aquarium_window_1,
          aquarium_window_fake, aquarium_window_3, aquarium_window_fake,
          aquarium_view_4
D:8:      layout_cave_pools, nicolae_lava_and_water, uniq_pikel, uniq_grum
D:9:      layout_irregular_city, david_orc_2, minmay_misc_feat_doors
D:10:     layout_irregular_city, serial_shops, shop, uniq_maggie, uniq_nergalle
D:11:     layout_stronghold, lair_entry_dummy, nicolae_trove_entry_crossroad,
          minmay_nine_imps, uniq_gastronok
Temple:   mainiacjoe_temple_coin_purse
Lair:1:   layout_misc_corridors, nicolae_volcano_entry_batcave
Orc:1:    layout_caves, serial_shops, nicolae_shop_crystal,
          gammafunk_ghost_split

Skill      XL: |  1  2  3  4  5  6  7  8  9 10 11 12 |
---------------+-------------------------------------+-----
Spellcasting   | 3 4 5 6 8 9 11 13 14 | 14.4
Stealth        | 2 3 4 5 |  5.0
Dodging        | 3 4 |  4.5
Fighting       | 1 |  1.7
Shields        | 1 3 |  3.0
Evocations     | |  0.2

Action                   |  1- 3 |  4- 6 |  7- 9 | 10-12 || total
-------------------------+-------+-------+-------+-------++-------
 Cast: Foxfire           |    64 |    82 |   230 |   249 ||   625
       Inner Flame       |     1 |     3 |    63 |   101 ||   168
       Scorch            |     1 |     2 |    35 |    81 ||   119
       Blink             |       |       |     1 |       ||     1
       Poisonous Vapours |       |       |     1 |     2 ||     3
       Olgreb's Toxic Ra |       |       |       |     1 ||     1
       Flame Wave        |       |       |       |    11 ||    11
       Fulminant Prism   |       |       |       |     8 ||     8
Evoke: Wand              |       |       |       |     1 ||     1
  Use: Scroll            |       |       |       |    12 ||    12
       Potion            |       |       |       |     3 ||     3
Armor: Robe              |     1 |       |       |     7 ||     8
Dodge: Dodged            |     5 |     1 |     5 |    31 ||    42
       Repelled          |       |       |       |     2 ||     2
Block: Kite shield       |       |       |       |    57 ||    57
